AoeStats
← AIRSOFT RATAS ARMADAS YT

Arena

508776805Analyzed
2v2 RM · 9d ago on Sep 24, 2026· 61m 18s· 4 players
Game mode
Random Map
Map size
Medium (4 player)
Population
200
Speed
Normal
Resources
Standard
Victory
Conquest
Starting age
Dark Age
Ending age
Imperial Age
RankedLock teamsTeams togetherTeam positionsShared explorationLock speedFull tech treeHidden civsTurbo modeCheats
Victory
Defeat
🇵🇹 Romans · Portugal
721
+17
🇵🇹 Turks · Portugal
711
+17
🇦🇷 Franks · Argentina
815
-20
665
-14
Tolan699
0:26 Loom
10:12 Feudal Age
10:34 Horse Collar
10:40 Double-Bit Axe
12:05 Wheelbarrow
21:04 Castle Age
20:04 Gold Mining
20:14 Stone Mining
21:48 Heavy Plow
22:01 Bow Saw
25:21 Hand Cart
30:53 Thumb Ring
31:02 Padded Archer Armor
30:53 Fletching
35:08 Squires
37:53 Imperial Age
35:59 Town Watch
36:12 Bodkin Arrow
36:33 Leather Archer Armor
36:29 Forging
36:19 Scale Mail Armor
36:26 Caravan
37:05 Man-at-Arms
39:47 Two-Man Saw
38:12 Elite Janissary
39:29 Hoardings
39:15 Conscription
40:59 Artillery
41:18 Masonry
41:03 Murder Holes
41:19 Fortified Wall
45:25 Bracer
45:55 Ring Archer Armor
46:03 Iron Casting
45:44 Chain Mail Armor
56:46 Blast Furnace
56:16 Plate Mail Armor
60:34 Long Swordsman
Magnetick
8:41 Loom
13:31 Feudal Age
14:02 Double-Bit Axe
14:59 Horse Collar
17:33 Gold Mining
17:35 Stone Mining
20:44 Castle Age
19:59 Wheelbarrow
20:02 Man-at-Arms
21:44 Bow Saw
21:27 Long Swordsman
22:07 Squires
23:08 Heavy Plow
26:08 Town Watch
27:37 Town Patrol
27:55 Hand Cart
27:50 Scale Mail Armor
30:47 Gold Shaft Mining
34:22 Imperial Age
32:59 Forging
34:12 Pikeman
35:07 Legionary
36:26 Iron Casting
36:07 Chain Mail Armor
37:04 Crop Rotation
36:36 Halberdier
37:36 Ballistas
39:18 Caravan
39:28 Fletching
45:47 Blast Furnace
45:47 Heavy Scorpion
49:34 Capped Ram
52:53 Siege Ram
AIRSOFT RATAS ARMADAS YT
0:46 Loom
11:28 Feudal Age
13:37 Wheelbarrow
12:51 Double-Bit Axe
14:30 Horse Collar
16:12 Gold Mining
16:25 Stone Mining
20:15 Arson
24:47 Castle Age
23:37 Forging
23:27 Scale Mail Armor
23:34 Scale Barding Armor
25:58 Bow Saw
27:36 Squires
26:57 Pikeman
27:23 Gambesons
32:21 Hand Cart
32:50 Iron Casting
32:30 Chain Mail Armor
40:05 Imperial Age
39:04 Heavy Plow
39:24 Chain Mail Armor
39:30 Chain Barding Armor
41:15 Conscription
41:39 Thumb Ring
40:55 Elite Skirmisher
43:08 Logistica
45:14 Caravan
45:44 Coinage
45:50 Plate Mail Armor
47:27 Heavy Camel Rider
48:10 Husbandry
53:18 Plate Barding Armor
53:35 Elite Cataphract
nene
10:53 Feudal Age
11:19 Double-Bit Axe
11:43 Stone Mining
17:07 Town Watch
17:54 Gold Mining
20:09 Castle Age
24:10 Wheelbarrow
24:21 Bow Saw
27:59 Hand Cart
32:31 Imperial Age
31:02 Town Patrol
31:31 Husbandry
30:51 Light Cavalry
31:00 Ordonnance Companies
33:01 Cavalier
34:34 Scale Barding Armor
34:30 Scale Mail Armor
34:41 Forging
35:39 Chain Barding Armor
35:22 Padded Archer Armor
35:12 Fletching
35:19 Fletching
36:30 Paladin
37:45 Leather Archer Armor
37:26 Bodkin Arrow
38:55 Chemistry
38:16 Ballistics
37:53 Murder Holes
38:16 Chain Mail Armor
38:23 Chain Mail Armor
39:04 Plate Barding Armor
38:37 Elite Throwing Axeman
40:39 Caravan
41:08 Chivalry
41:53 Plate Mail Armor
Connection lost

Rejoining the realm…

Still unreachable

The connection could not be restored.

Session expired

The server has moved on; the page needs a fresh start.